 Dungeon Crawl Stone Soup version 0.22-a0-351-g29664b4 (webtiles) character file.

98 kidcy the Magician (level 4, 0/24 HPs)
             Began as a Deep Elf Fire Elementalist on Apr 12, 2018.
             Slain by a goblin (4 damage)
             ... led by Robin
             ... on level 2 of the Dungeon.
             The game lasted 00:02:37 (1298 turns).

kidcy the Magician (Deep Elf Fire Elementalist)     Turns: 1298, Time: 00:02:38

Health: 0/24       AC:  3    Str:  5    XL:     4   Next: 44%
Magic:  12/12      EV: 13    Int: 21    God:
Gold:   210        SH:  0    Dex: 18    Spells: 5/11 levels left

rFire    . . .     SeeInvis .   (no weapon)
rCold    . . .     Gourm    .   (no shield)
rNeg     . . .     Faith    .   a - +1 robe
rPois    .         Spirit   .   (no helmet)
rElec    .         Reflect  .   (no cloak)
rCorr    .         Harm     .   (no gloves)
MR       .....                  (no boots)
Stlth    ++........             g - amulet of magic regeneration
HPRegen  0.08/turn              f - +3 ring of dexterity
MPRegen  0.38/turn              (no ring)

@: no status effects
A: no striking features
a: no special abilities


You were on level 2 of the Dungeon.
You were not hungry.

You visited 1 branch of the dungeon, and saw 2 of its levels.

You collected 210 gold pieces.

Inventory:

Armour
 a - a +1 robe (worn)
Jewellery
 f - a +3 ring of dexterity (left hand)
 g - an amulet of magic regeneration (around neck)
Scrolls
 d - a scroll of identify
 i - 2 scrolls of immolation
 j - a scroll of enchant weapon {unknown}
Potions
 e - a potion of curing {unknown}
 h - a potion of ambrosia {unknown}
Comestibles
 c - 2 rations


   Skills:
 - Level 2.4 Dodging
 - Level 2.4 Stealth
 + Level 4.1 Spellcasting
 * Level 3.3 Conjurations
 + Level 4.0 Fire Magic


You had 5 spell levels left.
You knew the following spells:

 Your Spells              Type           Power        Failure   Level  Hunger
a - Flame Tongue          Conj/Fire      ###..        2%          1    None
b - Throw Flame           Conj/Fire      ###...       3%          2    #......
c - Conjure Flame         Conj/Fire      ###.....     8%          3    ###....


Dungeon Overview and Level Annotations

Branches:
Dungeon (2/15)

Altars:
Qazlal

Annotations:
D:2 Robin


Message History

The flame tongue hits the goblin.
You kill the goblin!
Robin throws the goblin at you! The goblin barely misses you.
A goblin comes into view.
You barely miss the goblin. The goblin hits you. x2
* * * LOW HITPOINT WARNING * * *
A hobgoblin comes into view. It is wielding a club.
As you read the scroll labeled LUSURU WUYRES, it crumbles to dust.
It is a scroll of identify.
i - 2 scrolls of immolation The goblin hits you.
* * * LOW HITPOINT WARNING * * *
The goblin hits you.
* * * LOW HITPOINT WARNING * * *
As you read the scroll labeled OBUDEMAE YNUIS, it crumbles to dust.
It is a scroll of enchant armour.
Your +0 robe glows green for a moment.
The goblin hits you with a dagger.
* * * LOW HITPOINT WARNING * * *
The goblin hits you.
You die...

#.#####.#..... ... #
#.# ...# ### #
####.###.## ##
#.##........... .
#...........### #
####.##......# ##
#####.#####.#... ..
#####.g.g........###
g.gg..g@..########
#####.##### ##### #
#.... #.### #.# #.#
#.# #.# #.#


You could see Robin, a hobgoblin and 4 goblins.

Vanquished Creatures
  A howler monkey (D:2)
  A gnoll (D:1)
  A worm (D:2)
  2 dart slugs (D:2)
  3 leopard geckos
  A ball python (D:2)
  2 giant cockroaches
  5 hobgoblins
  9 kobolds
  A quokka (D:2)
  2 bats (D:1)
  3 frilled lizards
  8 goblins
  A rat (D:1)
  A fungus (D:1)
41 creatures vanquished.

Notes
Turn   | Place    | Note
-------+----------+-------------------------------------------
     0 | D:1      | kidcy the Deep Elf Fire Elementalist began the quest for the Orb.
     0 | D:1      | Reached XP level 1. HP: 10/10 MP: 6/6
   182 | D:1      | Reached XP level 2. HP: 15/15 MP: 6/8
   501 | D:1      | Reached XP level 3. HP: 19/19 MP: 6/10
   509 | D:1      | Learned a level 2 spell: Throw Flame
   513 | D:1      | Learned a level 3 spell: Conjure Flame
   983 | D:2      | Reached XP level 4. HP: 24/24 MP: 7/12
  1002 | D:2      | Found a stormy altar of Qazlal.
  1002 | D:2      | Noticed a fire elemental
  1003 | D:2      | Noticed an air elemental
  1003 | D:2      | Noticed a water elemental
  1003 | D:2      | Noticed an earth elemental
  1293 | D:2      | Noticed Robin
  1298 | D:2      | Slain by a goblin

Vault maps used:
D:1:      tarquinn_simple_flora_water_a, hangedman_decor_growths,
          minmay_gold_behind_fungi
D:2:      nicolae_qazlal_style_of_elements, first_ration, uniq_robin

Skill      XL: |  1  2  3  4 |
---------------+-------------+-----
Conjurations   | 2 3 |  3.3
Spellcasting   | 4 |  4.1
Fire Magic     | 4 |  4.0
Dodging        | |  2.4
Stealth        | |  2.4

Action                   |  1- 3 |  4- 6 || total
-------------------------+-------+-------++-------
Melee: Unarmed           |    61 |     1 ||    62
 Cast: Flame Tongue      |    44 |    31 ||    75
       Conjure Flame     |     1 |     1 ||     2
  Use: Scroll            |       |     2 ||     2
  Eat: Chunk             |       |     1 ||     1
Armor: Robe              |     5 |     2 ||     7
Dodge: Dodged            |    13 |     1 ||    14

Table legend:
 A = Spawn XP
 B = Non-spawn XP
 C = Spawn XP percentage of total XP
 D = Spawn monster count
 E = Non-spawn monster count
 F = Spawn count percentage of total count
 G = Total turns spent on level
                    A         B        C        D         E        F      G
               +---------+---------+-------+---------+---------+-------+---------
         Total |       0 |     141 |   0.0 |       0 |      40 |   0.0 |  1298
               +---------+---------+-------+---------+---------+-------+---------
           D:1 |       0 |      48 |   0.0 |       0 |      22 |   0.0 |   942
           D:2 |       0 |      93 |   0.0 |       0 |      18 |   0.0 |   356
               +---------+---------+-------+---------+---------+-------+---------
